 Dungeon Crawl Stone Soup version 0.24.1-4-ge52af88ad5 (webtiles) character file.

Game seed: 12343574522064271200, levelgen mode: deterministic

221 Curus the Ruffian (level 5, 0/50 HPs)
             Began as a Troll Monk on Apr 18, 2020.
             Slain by an orc warrior
             ... wielding a cursed -3 halberd
              (9 damage)
             ... on level 6 of the Dungeon.
             The game lasted 00:08:15 (1336 turns).

Curus the Ruffian (Troll Monk)                      Turns: 1336, Time: 00:08:15

Health: 0/50       AC:  7    Str: 19    XL:     5   Next: 65%
Magic:  4/4        EV:  7    Int:  7    God:
Gold:   134        SH:  7    Dex: 12    Spells: 4/4 levels left

rFire    . . .     SeeInvis +     - Unarmed
rCold    . . .     Gourm    +   d - +0 shield
rNeg     . . .     Faith    .   a - +0 robe
rPois    .         Spirit   .   (helmet restricted)
rElec    .         Reflect  .   f - +0 cloak
rCorr    .         Harm     .   (gloves unavailable)
MR       .....                  (boots unavailable)
Stlth    ++........             (no amulet)
HPRegen  0.56/turn              e - ring of see invisible
MPRegen  0.09/turn              (no ring)

@: no status effects
A: large, unfitting armour, claws 3, fast metabolism 3, gourmand, regeneration
1, shaggy fur 1, tough skin 3
a: no special abilities


You were on level 6 of the Dungeon.
You were very full.

You visited 1 branch of the dungeon, and saw 4 of its levels.

You collected 134 gold pieces.

Inventory:

Armour
 a - a +0 robe (worn)
 d - a +0 shield (worn)
 f - a +0 cloak (worn)
Jewellery
 e - a ring of see invisible (left claw)
Comestibles
 b - 4 rations


   Skills:
 - Level 2.4 Fighting
 - Level 2.4 Dodging
 - Level 1.0 Stealth
 + Level 6.4 Unarmed Combat


You had 4 spell levels left.
You didn't know any spells.
Your spell library was empty.

Dungeon Overview and Level Annotations

Branches:
Dungeon (3/15)

Altars:


Innate Abilities, Weirdness & Mutations

You are too large for most types of armour.
You have claws for hands.
Your metabolism is lightning-fast.
You like to eat raw meat.
Your natural rate of healing is unusually fast.
You are covered in fur. (AC +1)
You have extremely tough skin. (AC +3)


Message History

Things that are here:
a +1 dagger of pain; a +0 robe You closely miss the orc warrior.
The orc warrior hits you but does no damage.
You scratch the orc warrior but do no damage.
The orc warrior hits you with a cursed -3 halberd.
You scratch the orc warrior but do no damage.
You block the orc warrior's attack.
You completely miss the orc warrior.
The orc warrior hits you with a cursed -3 halberd!
* * * LOW HITPOINT WARNING * * *
You claw the orc warrior!
The orc warrior is heavily wounded.
The orc warrior hits you with a cursed -3 halberd!
* * * LOW HITPOINT WARNING * * *
Things that are here:
a +0 dagger; a cursed +0 robe; an orc corpse
There is a stone staircase leading up here.
The orc warrior hits you from afar with a cursed -3 halberd!
You die...

## .## ##.#...##
#>#########@.......
#...$..)oo.......##
#<....#####.#...##
#.... #.##### #...
#?# #.. #.. ## #..
.... ...


You could see an orc warrior and an orc.

Vanquished Creatures
  Crazy Yiuf (D:2)
  2 orc wizards (D:6)
  4 adders
  4 gnolls (D:2)
  5 dart slugs
  2 leopard geckos
  3 bats
  3 giant cockroaches
  8 goblins
  4 hobgoblins (D:1)
  2 jackals (D:2)
  6 kobolds
  A ball python (D:2)
  10 frilled lizards
  5 rats
60 creatures vanquished.

Notes
Turn   | Place    | Note
-------+----------+-------------------------------------------
     0 | D:1      | Curus the Troll Monk began the quest for the Orb.
     0 | D:1      | Reached XP level 1. HP: 22/22 MP: 0/0
   135 | D:1      | Reached XP level 2. HP: 23/29 MP: 1/1
   200 | D:1      | Reached skill level 4 in Unarmed Combat
   223 | D:1      | Reached XP level 3. HP: 32/36 MP: 2/2
   687 | D:2      | Found a runed translucent door.
   688 | D:2      | Noticed Crazy Yiuf
   800 | D:2      | Reached XP level 4. HP: 41/44 MP: 3/3
   842 | D:2      | Reached skill level 5 in Unarmed Combat
  1048 | D:2      | Killed Crazy Yiuf
  1048 | D:2      | Reached XP level 5. HP: 48/50 MP: 4/4
  1222 | D:3      | Reached skill level 6 in Unarmed Combat
  1314 | D:3      | You fall into a shaft and drop 3 floors!
  1315 | D:6      | Noticed an orc warrior
  1336 | D:6      | Slain by an orc warrior

Levels and vault maps discovered:
D:1:      zelgadis_glass_arrival_small, layout_rooms
D:2:      layout_rooms, uniq_crazy_yiuf_cottage
D:3:      kennysheep_big_flooded_room, layout_basic, first_ration
D:6:      layout_loops_ring, lemuel_coloured_pillars_altar,
          hangedman_decor_growths, minmay_between

Skill      XL: |  1  2  3  4  5 |
---------------+----------------+-----
Unarmed Combat | 4 5 6 |  6.4
Fighting       | |  2.4
Dodging        | |  2.4
Stealth        | |  1.0

Action                   |  1- 3 |  4- 6 || total
-------------------------+-------+-------++-------
Melee: Unarmed           |   107 |    70 ||   177
       Punch             |     2 |       ||     2
  Use: Scroll            |     3 |     4 ||     7
       Potion            |     3 |     1 ||     4
 Stab: Sleeping          |     2 |       ||     2
  Eat: Chunk             |    13 |     4 ||    17
Armor: Robe              |    32 |    27 ||    59
Dodge: Dodged            |    34 |    20 ||    54
Block: Shield            |    13 |    26 ||    39
